 Dungeon Crawl Stone Soup version 0.19-a0-599-g723c685 (webtiles) character file.

4428 st0uf the Cleaver (level 10, -2/77 HPs)
             Began as a Formicid Fighter on June 12, 2016.
             Was a Priest of Hepliaklqana.
             Slain by a yak (11 damage)
             ... on level 9 of the Dungeon.
             The game lasted 00:34:25 (7819 turns).

st0uf the Cleaver (Formicid Fighter)                Turns: 7819, Time: 00:34:27

Health: -2/77      AC:  7    Str: 28    XL:     10   Next: 62%
Magic:  10/10      EV: 13    Int:  9    God:    Hepliaklqana [***...]
Gold:   468        SH: 12    Dex: 10    Spells: 0 memorised, 9 levels left

rFire  . . .     SeeInvis +     D - +2 war axe (chop)
rCold  + . .     Gourm    .     x - +0 ring mail {rC+}
rNeg   . . .     Faith    .     c - +0 shield
rPois  .         Spirit   .     (helmet unavailable)
rElec  .         Dismiss  .     J - +1 cloak
rCorr  .         Reflect  .     w - +0 pair of gloves
SustAt .         Harm     .     (no boots)
MR     +....                    (no amulet)
Stlth  +.........               (no ring)
                                (no ring)

@: mighty, somewhat resistant to hostile enchantments, very unstealthy
A: permanent stasis, dig shafts and tunnels, four strong arms, antennae 3,
deformed body
a: Dig, Shaft Self, Recall Ancestor, Ancestor Identity, Transference, Renounce
Religion


You were on level 9 of the Dungeon.
You worshipped Hepliaklqana.
Hepliaklqana was most pleased with you.
You were not hungry.

You visited 2 branches of the dungeon, and saw 10 of its levels.

You collected 468 gold pieces.

Inventory:

Hand Weapons
 D - a +2 war axe of chopping (weapon)
Missiles
 i - 160 stones (quivered)
 k - 5 javelins
 q - 133 sling bullets
Armour
 c - a +0 shield (worn)
 w - a +0 pair of gloves (worn)
 x - a +0 ring mail of cold resistance (worn)
 J - a +1 cloak (worn)
Jewellery
 o - an uncursed ring of stealth {unknown}
Wands
 v - a wand of digging (13/24)
 A - a wand of polymorph (9/24)
 C - a wand of flame (12/48)
 E - a wand of flame (17/48)
Scrolls
 h - 5 scrolls of remove curse
 m - 2 scrolls of amnesia {unknown}
 r - a scroll of recharging {unknown}
 s - 2 scrolls of fear {unknown}
 t - a scroll of immolation {unknown}
 y - 4 scrolls of identify
 B - a scroll of enchant weapon {unknown}
 H - a scroll of acquirement {unknown}
Potions
 a - 2 potions of haste {unknown}
 d - 3 potions of might
 e - 4 potions of curing {unknown}
 j - 2 potions of invisibility {unknown}
 l - 2 potions of magic
 n - 2 potions of flight {unknown}
 p - 2 potions of degeneration {unknown}
 z - 2 potions of lignification {unknown}
 G - 2 potions of brilliance {unknown}
Books
 F - a book of Power

   Spells                             Type                      Level
   a - Fulminant Prism                Conjuration/Hexes            4
   b - Iskenderun's Mystic Blast      Conjuration                  4
   c - Venom Bolt                     Conjuration/Poison           5
   d - Bolt of Magma                  Conjuration/Fire/Earth       5
   e - Iron Shot                      Conjuration/Earth            6
   f - Orb of Destruction             Conjuration                  7
   g - Spellforged Servitor           Conjuration/Summoning        7
Comestibles
 b - a royal jelly
 f - 7 bread rations
 g - 6 meat rations
 u - a slice of pizza
 I - 3 chunks of flesh
 K - a beef jerky


   Skills:
 + Level 6.9 Fighting
 * Level 9.5 Axes
 + Level 6.4 Armour
 + Level 4.7 Dodging
 + Level 3.4 Stealth
 + Level 8.5 Shields


You had 9 spell levels left.
You didn't know any spells.

Dungeon Overview and Level Annotations

Branches:
Dungeon (9/15)             Temple (1/1) D:4
   Lair: D:8-11         Orc: D:9-12

Altars:
Ashenzari
Cheibriados
Dithmenos
Elyvilon
Fedhas
Gozag
Hepliaklqana
Kikubaaqudgha
Makhleb
Nemelex Xobeh
Okawaru
Pakellas
Qazlal
Ru
Sif Muna
Trog
Uskayaw
Vehumet
Xom
Yredelemnul
Zin
The Shining One

Shops:
D:6 (

Annotations:
D:8 1 runed door


Innate Abilities, Weirdness & Mutations

You are under a permanent stasis effect.
You can dig through walls and to a lower floor.
Your four strong arms can wield two-handed weapons with a shield.
You have a pair of large antennae on your head. (SInv)
Armour fits poorly on your strangely shaped body.


Message History

You hit the yak but do no damage.
The yak is heavily wounded.
You barely miss the yak.
The yak is moderately wounded.
Taribatum casts a spell at the wolf.
The wolf resists with some effort.
You block the yak's attack. The yak closely misses you.
You hit the yak.
The yak is heavily wounded.
You hit the yak.
The yak is heavily wounded.
You hit the yak.
The yak is lightly wounded.
You block the yak's attack. The yak gores you.
* * * LOW HITPOINT WARNING * * *
The yak gores you!
* * * LOW HITPOINT WARNING * * *
You feel very mighty all of a sudden. The yak gores you!
You die...

#.......#
#.......#
#.......#
#.......#
#.......#
#.......#
#.......#
#.รท)....#
#Y@)....#
#YYY....#
#....Rh.#
#.......#
#.......#
#.......#
#.......#
#.......#######
#........)Y...#


You could see 4 yaks, a wolf (confused) and the friendly Taribatum the hexer.

Vanquished Creatures
  7 yaks
  A water moccasin (D:8)
  2 orc warriors (D:8)
  Duvessa (D:6)
  2 sky beasts (D:7)
  2 ogres
  4 centaurs
  2 big kobolds (D:8)
  3 giant frogs
  3 scorpions
  A howler monkey (D:6)
  A crimson imp (D:6)
  4 orc wizards
  2 hounds
  3 jellies (D:8)
  2 orc priests
  An iguana (D:7)
  5 worker ants
  A hound skeleton (D:6)
  10 adders
  7 gnolls
  An ooze (D:3)
  A worm (D:5)
  2 dart slugs (D:1)
  2 giant geckos
  13 orcs
  A ball python (D:2)
  8 giant cockroaches
  8 hobgoblins
  11 jackals
  16 kobolds
  7 quokkas
  12 bats
  2 giant newts
  8 goblins
  A quokka skeleton (D:4)
  13 rats
  A butterfly (D:8)
171 creatures vanquished.

Vanquished Creatures (collateral kills)
  An ice beast (D:7)
  A sky beast (D:5)
  An orc warrior (D:7)
  An ogre (D:6)
  A centaur (D:5)
  A giant frog (D:6)
  Dowan (D:6)
  A killer bee (D:8)
  A howler monkey (D:5)
  A crimson imp (D:9)
  A giant frog skeleton (D:5)
  A hound (D:9)
  2 orc priests
  2 iguanas
  An orc wizard (D:3)
  5 worker ants
  A hound skeleton (D:8)
  4 gnolls
  2 adders
  A worm (D:3)
  2 giant geckos
  3 orcs
  3 bats
  2 giant cockroaches (D:8)
  A goblin (D:3)
  2 jackals (D:7)
  2 quokkas
  A jackal zombie (D:5)
  A butterfly (D:8)
47 creatures vanquished.

Vanquished Creatures (others)
  2 hexers (D:7)
  An ancestor (D:3)
3 creatures vanquished.

Grand Total: 221 creatures vanquished

Notes
Turn   | Place    | Note
--------------------------------------------------------------
     0 | D:1      | st0uf the Formicid Fighter began the quest for the Orb.
     0 | D:1      | Reached XP level 1. HP: 18/18 MP: 1/1
    59 | D:1      | Reached XP level 2. HP: 20/24 MP: 2/2
   230 | D:1      | Reached XP level 3. HP: 26/29 MP: 3/3
   903 | D:2      | Found a sacrificial altar of Ru.
   972 | D:2      | Found an iron altar of Okawaru.
  1089 | D:2      | Reached XP level 4. HP: 37/37 MP: 4/4
  1124 | D:2      | Found a glowing golden altar of the Shining One.
  1136 | D:2      | Found a glowing silver altar of Zin.
  1141 | D:2      | Found a hazy altar of Hepliaklqana.
  1144 | D:2      | Became a worshipper of Hepliaklqana
  1823 | D:3      | Reached XP level 5. HP: 16/42 MP: 5/5
  2107 | D:3      | Reached skill level 1 in Dodging
  2180 | D:2      | Reached skill level 3 in Axes
  2679 | D:3      | Found an iron altar of Okawaru.
  2686 | D:3      | Reached skill level 5 in Shields
  2689 | D:3      | Reached XP level 6. HP: 43/48 MP: 6/6
  2903 | D:4      | Got a scorched brass amulet
  2906 | D:4      | Identified the amulet "Sacimufo" {Inacc rElec} (You found it on level 4 of the Dungeon)
  2971 | D:4      | Reached * piety under Hepliaklqana
  3079 | D:4      | Reached XP level 7. HP: 54/54 MP: 7/7
  3137 | D:4      | Found a staircase to the Ecumenical Temple.
  3141 | Temple   | Entered the Ecumenical Temple
  3337 | D:4      | Reached skill level 4 in Axes
  3529 | D:5      | Entered Level 5 of the Dungeon
  3549 | D:5      | Reached skill level 5 in Armour
  3577 | D:5      | Reached XP level 8. HP: 51/61 MP: 8/8
  3634 | D:5      | Gained mutation: Armour fits poorly on your strangely shaped body. [mutagenic meat]
  3766 | D:5      | Reached skill level 5 in Axes
  4049 | D:5      | Reached skill level 1 in Stealth
  4200 | D:6      | Reached ** piety under Hepliaklqana
  4201 | D:6      | Remembered your ancestor Taribatum as a hexer
  4360 | D:6      | Reached skill level 6 in Axes
  4604 | D:6      | Reached skill level 5 in Fighting
  4671 | D:6      | Found Pivausagg's Antique Weapon Emporium.
  4690 | D:6      | Noticed Duvessa
  4691 | D:6      | Noticed Dowan
  4703 | D:6      | Killed Duvessa
  4703 | D:6      | Reached XP level 9. HP: 55/68 MP: 9/9
  4710 | D:6      | Killed Dowan
  4862 | D:7      | Reached skill level 7 in Axes
  5485 | D:7      | Reached skill level 8 in Axes
  5490 | D:7      | Reached XP level 10. HP: 36/76 MP: 10/10
  6074 | D:7      | Reached *** piety under Hepliaklqana
  6373 | D:8      | Found a runed door.
  6385 | D:8      | Found a runed door.
  6734 | D:8      | Reached skill level 9 in Axes
  7819 | D:9      | Slain by a yak

Vault maps used:
D:1:      dpeg_arrival_subterranean_lakeside_camping
D:2:      lemuel_crystal_altar, minitemple, first_bread, nicolae_ru_awakened_eye
D:3:      serial_forest, infiniplex_forest_end_2,
          infiniplex_forest_lined_room_2, infiniplex_forest_lined_ring,
          infiniplex_forest_corner_2, infiniplex_forest_lined_room_2,
          infiniplex_forest_clump_diagonal, infiniplex_forest_lined_3,
          okawaru_trees_1
D:4:      minmay_temple_entry_glassed_door, hangedman_decor_clover_reticule
D:5:      wad_pebble_path
D:6:      serial_shops, nicolae_shop_overgrown_old_shop, uniq_duvessa
D:8:      lemuel_insect_pit
D:9:      hangedman_screamer, serial_gnoll_camp, gnoll_camp_mini_hut,
          gnoll_camp_mini_doghouse, gnoll_camp_mini_house, gnoll_camp_medium_02,
          corexii_hall_statues_t
Temple:   nicolae_temple_no_exploring_needed

Skill      XL: |  1  2  3  4  5  6  7  8  9 10 |
---------------+-------------------------------+-----
Shields        | 4 5 6 7 8 |  8.5
Armour         | 4 5 6 |  6.4
Fighting       | 4 5 6 |  6.9
Dodging        | 1 2 3 4 |  4.7
Axes           | 3 4 6 8 9 |  9.5
Stealth        | 1 2 3 |  3.4

Action                   |  1- 3 |  4- 6 |  7- 9 | 10-12 || total
-------------------------+-------+-------+-------+-------++-------
Melee: War axe           |    91 |   196 |   204 |   148 ||   639
Invok: Ancestor Life: He |       |       |     1 |       ||     1
       Recall Ancestor   |       |       |       |     1 ||     1
 Abil: Dig               |     1 |     1 |     1 |       ||     3
  Use: Scroll            |       |     3 |     2 |       ||     5
       Potion            |       |       |       |     1 ||     1
 Stab: Distracted        |       |       |     1 |     3 ||     4
       Confused          |       |       |     1 |     7 ||     8
  Eat: Chunk             |     1 |     7 |     9 |     7 ||    24
Armor: Scale mail        |    38 |    73 |       |       ||   111
       Ring mail         |       |     3 |    31 |    35 ||    69
Dodge: Dodged            |    32 |    72 |    68 |    54 ||   226
Block: Shield            |    48 |   115 |    99 |    70 ||   332
